 Dungeon Crawl Stone Soup version 0.24.1-11-gbbbb2193e6 (webtiles) character file.

Game seed: 4490051275154276056, levelgen mode: deterministic

787 Hugehornet the Changer (level 7, -14/43 HPs)
             Began as an Octopode Transmuter on May 15, 2020.
             Demolished by Menkaure (24 damage)
             ... on level 4 of the Dungeon.
             The game lasted 00:09:10 (4794 turns).

Hugehornet the Changer (Octopode Transmuter)        Turns: 4794, Time: 00:09:11

Health: -14/43     AC:  1    Str: 10    XL:     7   Next: 87%
Magic:  12/13      EV: 13    Int: 17    God:
Gold:   165        SH:  0    Dex: 12    Spells: 3/14 levels left

rFire    . . .     SeeInvis .     - Unarmed
rCold    . . .     Gourm    .   (no shield)
rNeg     . . .     Faith    .   (helmet restricted)
rPois    +         Spirit   .   (no amulet)
rElec    .         Reflect  .   b - ring of poison resistance
rCorr    .         Harm     .   (no ring)
MR       .....                  (no ring)
Stlth    ++........             (no ring)
HPRegen  0.14/turn              (no ring)
MPRegen  0.13/turn              (no ring)
                                (no ring)
                                (no ring)

@: appendage
A: almost no armour, stealthy swim, amphibious, 8 rings, constrict 8, tentacle
spike 3, camouflage 1, gelatinous body 1
a: End Transformation


You were on level 4 of the Dungeon.
You were very hungry.
One of your tentacles had a temporary spike.
You visited 1 branch of the dungeon, and saw 4 of its levels.

You collected 165 gold pieces.

Inventory:

Missiles
 a - 64 arrows
Jewellery
 b - a ring of poison resistance (left tentacle)
Scrolls
 d - a scroll of amnesia
 f - 2 scrolls of immolation
 g - a scroll of remove curse {unknown}
Potions
 e - a potion of haste {unknown}
 h - a potion of curing
 i - a potion of experience {unknown}
 j - a potion of brilliance {unknown}
 k - 2 potions of heal wounds {unknown}
Comestibles
 c - 9 rations


   Skills:
 - Level 1.0 Fighting
 - Level 2.0 Dodging
 + Level 4.6 Unarmed Combat
 + Level 4.0 Spellcasting
 * Level 4.7 Transmutations
 * Level 3.2 Ice Magic
 - Level 3.7 Poison Magic


You had 3 spell levels left.
You knew the following spells:

 Your Spells              Type           Power        Failure   Level  Hunger
a - Beastly Appendage     Tmut           ###...       2%          1    None
b - Sticks to Snakes      Tmut           ###.....     3%          2    ##.....
c - Spider Form           Tmut/Pois      ###.......   9%          3    ###....
d - Ice Form              Ice/Tmut       ###.....     30%         4    ####...
e - Confusing Touch       Hex            #.....       16%         1    None

Your spell library contained the following spells:

 Spells                   Type           Power        Failure   Level  Hunger
 Animate Skeleton         Necr           N/A          16%         1    None
 Apportation              Tloc           #.....       16%         1    None
 Summon Small Mammal      Summ           #...         16%         1    None
 Blade Hands              Tmut           ###.......   52%         5    ######.


Dungeon Overview and Level Annotations

Branches:
Dungeon (4/15)
 Temple: D:4-7

Altars:
Dithmenos
Elyvilon
Kikubaaqudgha
The Shining One

Annotations:
D:4 Menkaure


Innate Abilities, Weirdness & Mutations

You cannot wear most types of armour.
You are very stealthy in the water. (Stealth+)
You are amphibious.
You can wear up to eight rings at the same time.
You can use your tentacles to constrict eight enemies at once.
Your skin changes colour to match your surroundings (Stealth+).
Your rubbery body absorbs attacks. (AC +1, EV +1)
One of your tentacles bears a large vicious spike.


Message History

Confirm with . or Enter, or press ? or * to list all spells.
One of your tentacles grows a vicious spike.
You tentacle-slap Menkaure. You grab Menkaure. You squeeze Menkaure!
Menkaure is heavily damaged.
You constrict Menkaure, but do no damage.
Menkaure hits you!!
Ouch! That really hurt!
You are too injured to fight recklessly!
You are too injured to fight recklessly!
You tentacle-slap Menkaure but do no damage.
Menkaure is heavily damaged.
You constrict Menkaure.
You are feeling very hungry.
Menkaure hits you!
* * * LOW HITPOINT WARNING * * *
You bludgeon Menkaure!
You pierce Menkaure, but do no damage.
Menkaure is almost destroyed.
You constrict Menkaure. Menkaure hits you!!
Ouch! That really hurt!
You die...

.# ##.####..#(# .#
#.####..... #.#
#......##.. #.#
####.......
##.#######.######
##.#.#......#
#.###....####
#.##.###.#.#......#
#.....M@#.#####.......
..##.##.### ...####
....# #.## #. ....# ..
#.!###...# ..#
o..#..^..# ..#
.......# .#
..##....####...
..............>


You could see Menkaure.

Vanquished Creatures
  Grinder (D:4)
  Sigmund (D:2)
  Eustachio (D:4)
  Terence (D:2)
  A worker ant (D:4)
  A hound skeleton (D:4)
  10 gnolls
  7 adders
  An ooze (D:3)
  3 worms
  6 dart slugs
  6 leopard geckos
  2 orcs
  3 ball pythons
  5 bats
  A giant cockroach (D:1)
  6 goblins
  5 hobgoblins
  4 jackals (D:1)
  A quokka (D:2)
  9 frilled lizards
  9 kobolds
  5 rats
89 creatures vanquished.

Notes
Turn   | Place    | Note
-------+----------+-------------------------------------------
     0 | D:1      | Hugehornet the Octopode Transmuter began the quest for the
                  | Orb.
     0 | D:1      | Reached XP level 1. HP: 13/13 MP: 3/3
   214 | D:1      | Reached XP level 2. HP: 15/18 MP: 3/5
   474 | D:1      | Reached XP level 3. HP: 13/23 MP: 4/6
   478 | D:1      | Learned a level 2 spell: Sticks to Snakes
   482 | D:1      | Learned a level 3 spell: Spider Form
  1391 | D:2      | Noticed Sigmund
  1446 | D:2      | Found a faded altar of an unknown god.
  1459 | D:2      | Reached skill level 1 in Poison Magic
  1653 | D:2      | Reached XP level 4. HP: 28/28 MP: 3/8
  1663 | D:2      | Killed Sigmund
  1663 | D:2      | Reached XP level 5. HP: 27/33 MP: 4/9
  1678 | D:2      | Learned a level 4 spell: Ice Form
  1737 | D:2      | Reached XP level 6. HP: 26/38 MP: 8/10
  2471 | D:2      | Reached skill level 1 in Ice Magic
  2474 | D:2      | Noticed Terence
  2484 | D:2      | Killed Terence
  2648 | D:2      | Found a white marble altar of Elyvilon.
  3014 | D:3      | Found a shadowy altar of Dithmenos.
  3114 | D:3      | Found a glowing golden altar of the Shining One.
  3340 | D:3      | Learned a level 1 spell: Confusing Touch
  3663 | D:3      | Found an ancient bone altar of Kikubaaqudgha.
  4175 | D:4      | Noticed Eustachio
  4185 | D:4      | Killed Eustachio
  4185 | D:4      | Reached XP level 7. HP: 38/43 MP: 9/12
  4489 | D:4      | Noticed Grinder
  4501 | D:4      | Killed Grinder
  4789 | D:4      | Noticed Menkaure
  4794 | D:4      | Demolished by Menkaure

Levels and vault maps discovered:
D:1:      psy_arrival_wood_between_worlds, layout_basic
D:2:      layout_rooms, lemuel_round_altar,
          chequers_ecumenical_altar_simple_redux, uniq_sigmund, uniq_terence
D:3:      kennysheep_six_static_rooms, layout_rooms, tso_metal_star,
          nicolae_dithmenos_shadow_blocks, nicolae_overflow_hidden_temple
D:4:      layout_loops_cross, grunt_temple_overflow_open,
          minmay_temple_entry_stoned_glass, uniq_grinder, uniq_menkaure,
          uniq_eustachio

Skill      XL: |  1  2  3  4  5  6  7 |
---------------+----------------------+-----
Transmutations | 3 4 |  4.7
Poison Magic   | 1 3 |  3.7
Spellcasting   | 3 4 |  4.0
Unarmed Combat | 4 |  4.6
Ice Magic      | 2 3 |  3.2
Fighting       | |  1.0
Dodging        | |  2.0

Action                   |  1- 3 |  4- 6 |  7- 9 || total
-------------------------+-------+-------+-------++-------
Melee: Unarmed           |    72 |   138 |    27 ||   237
       Kick              |    18 |    30 |     8 ||    56
       Constrict         |    22 |    28 |     5 ||    55
       Tentacles         |    10 |    16 |     4 ||    30
       Punch             |       |     2 |     1 ||     3
 Cast: Beastly Appendage |    16 |    25 |     4 ||    45
       Spider Form       |     1 |     4 |       ||     5
       Confusing Touch   |       |       |     1 ||     1
  Use: Scroll            |       |     2 |       ||     2
 Stab: Sleeping          |     2 |     1 |       ||     3
       Confused          |       |       |     1 ||     1
  Eat: Chunk             |     1 |     7 |     1 ||     9
       Ration            |     1 |       |       ||     1
Armor: Skin              |     5 |     6 |     1 ||    12
Dodge: Dodged            |    47 |    93 |    24 ||   164
